 Dungeon Crawl Stone Soup version 0.31-a0-841-g038b102fc3 (webtiles) character file.

Game seed: 1953550811790376271

7 Bravepunisher the Ducker (level 1, -1/11 HPs)
             Began as a Spriggan Monk on Sept 27, 2023.
             Shot with an arrow by a centaur (4 damage)
             ... on level 5 of the Dungeon.
             The game lasted 00:01:53 (424 turns).

Bravepunisher the Ducker (Spriggan Monk)             Turns: 424, Time: 00:01:58

Health: -1/11      AC:  2    Str:  7    XL:     1   Next: 83%
Magic:  2/2        EV: 19    Int: 11    God:
Gold:   0          SH:  5    Dex: 17    Spells: 0/0 levels left

rFire   . . .        a - +0 short sword
rCold   . . .        (no shield)
rNeg    . . .        b - +0 robe
rPois   .            (helmet restricted)
rElec   .            (no cloak)
rCorr   .            (gloves unavailable)
SInv    +            (boots unavailable)
Will    .....        e - amulet of reflection
Stlth   ++           (no ring)
HPRegen 0.21/turn    (no ring)
MPRegen 0.08/turn

%: reflection
@: very quick
A: very small, no large weapons, unfitting armour, see invisible, speed 3
a: no special abilities


You were on level 5 of the Dungeon.
You visited 1 branch of the dungeon, and saw 6 of its levels.

Inventory:

Hand Weapons
 a - a +0 short sword (weapon)
Armour
 b - a +0 robe (worn)
Jewellery
 e - an amulet of reflection (around neck)
Scrolls
 d - 2 scrolls of identify {unknown}
 f - a scroll of butterflies {unknown}
Potions
 c - a potion of ambrosia


   Skills:
 * Level 2.7 Fighting
 - Level 3.2 Short Blades
 + Level 4.2 Dodging


You couldn't memorise any spells.
You didn't know any spells.
Your spell library was empty.

Dungeon Overview and Level Annotations

Branches:
Dungeon (6/15)
 Temple: D:4-7

Altars:

Annotations:
D:1 1 transporter


Innate Abilities, Weirdness & Mutations

You are very small and have problems with some larger weapons.
You are too small for most types of armour.
You have supernaturally acute eyesight. (SInv)
You cover ground extremely quickly. (Speed+++)


Message History

Found a quarterstaff.
There is a stone staircase leading down here.
You climb downwards.
There is a stone staircase leading up here.
A hound comes into view.
Found 5 gold pieces.
Found a stone staircase leading up.
The hound barks!
There is a stone staircase leading up here.
Found a clear potion.
An adder and a phantom come into view.
Found a stone staircase leading down.
Found a book of Cantrips and 11 gold pieces.
Found a glowing orb.
An iguana comes into view.
The iguana hisses angrily.
The hound stops to sniff the ground.
There is a stone staircase leading down here.
You climb downwards.
You hear the hiss of flowing sand.
There is an entrance to an ossuary on this level.
Hurry and find it before the portal is buried!
Found four items.
There is a stone staircase leading up here.
A sky beast comes into view.
Found a thin zirconium amulet.
Found a book of Necromancy.
Found a stone staircase leading down.
Found an escape hatch in the ceiling.
Found a stone staircase leading up.
Found a dagger and a fuming cyan potion.
Found a lajatang.
Found a notched tourmaline ring and a rapier.
The sky beast flickers out of sight for a moment.
There is a stone staircase leading up here.
You climb upwards.
The centaur shouts!
The centaur wields a +0 shortbow of flaming.
It bursts into flame!
The centaur shoots an arrow.
The arrow hits you!
Ouch! That really hurt!
* * * LOW HITPOINT WARNING * * *
The arrow burns you.
You die...

c..........$
..........
........
......##
...$..#
.....#
#....###
#@.....#
#.........
......:..#.
#..........#
#....#....##
##.## #####
##


You could see a centaur.

Vanquished Creatures
  A dart slug (D:1)
  A goblin (D:1)
  2 quokkas (D:1)
4 creatures vanquished.

Notes
Turn   | Place    | Note
-------+----------+-------------------------------------------
     0 | D:1      | Bravepunisher the Spriggan Monk began the quest for the
                  | Orb.
     0 | D:1      | Reached XP level 1. HP: 11/11 MP: 2/2
   207 | D:1      | Found a faded altar of an unknown god.
   279 | D:4      | Noticed a jelly
   324 | D:4      | Noticed a hound
   373 | D:5      | Entered Level 5 of the Dungeon
   375 | D:5      | Noticed a hound
   386 | D:5      | Noticed a phantom
   400 | D:5      | Noticed an iguana
   405 | D:6      | Noticed a sky beast
   424 | D:5      | Noticed a centaur
   424 | D:5      | Shot with an arrow by a centaur

Illustrated notes

Levels and vault maps discovered:
D:1:      spicycebolla_arrival_risky_transporter, layout_basic,
          shapermc_ecumenical_altar_venn, serial_corexii_hall,
          chequers_hall_statues_corner_a, corexii_hall_statues_t,
          corexii_hall_statues_t, chequers_hall_statues_corner_a,
          corexii_hall_statues_t, chequers_hall_statues_corner_a,
          nrook_mini_backslash
D:2:      layout_rooms
D:3:      layout_loops_ring
D:4:      layout_basic, minmay_temple_entry_glassed_door, minmay_crystal_room,
          nrook_loot_triangle, minivault_26
D:5:      cheibrodos_two_vegetables, layout_cave_pools,
          nicolae_concentric_dashed_squares_wild
D:6:      layout_rooms, enter_ossuary_4, ebering_ghost_reflecting_pool,
          uniq_edmund, uniq_jeremiah

Action                     || total
---------------------------++-------
  Melee: Short sword       ||    27
 Armour: Robe              ||     7
  Dodge: Dodged            ||    16
  Block: Other             ||     2

Table legend: (Time is in decaauts)
 A = Elapsed time spent in this place.
 B = Non-inter-level travel time spent in this place.
 C = Inter-level travel time spent in this place.
 D = Time resting spent in this place.
 E = Time spent auto-exploring this place.
 F = Levels seen in this place.
 G = Mean time per level.
                   A        B        C        D        E       F      G
               +--------+--------+--------+--------+--------+-----+--------+
         Total |    282 |    282 |      0 |     26 |     55 |   6 |   47.0 |
       Dungeon |    282 |    282 |      0 |     26 |     55 |   6 |   47.0 |
               +--------+--------+--------+--------+--------+-----+--------+

Top non-repeatable levels by time:
     D:1: 151 daAuts
     D:4: 58 daAuts
     D:3: 35 daAuts
     D:5: 19 daAuts
     D:6: 12 daAuts
     D:2: 6 daAuts
